 Dungeon Crawl Stone Soup version 0.31-a0-691-g409c26aa35 (webtiles) character file.

Game seed: 11387316235333046424

372 qw the Shooter (level 6, -3/38 HPs)
             Began as a Gargoyle Hunter on Sept 6, 2023.
             Slain by a river rat (4 damage)
             ... in a sewer.
             The game lasted 00:01:21 (2669 turns).

qw the Shooter (Gargoyle Hunter)                    Turns: 2669, Time: 00:01:22

Health: -3/38      AC:  9    Str: 15    XL:     6   Next: 71%
Magic:  6/6        EV: 11    Int:  9    God:
Gold:   209        SH:  0    Dex: 15    Spells: 5/5 levels left

rFire   . . .        Y - +1 shortbow
rCold   . . .        (shield currently unavailable)
rNeg    + . .        f - +0 ring mail
rPois   inf          (no helmet)
rElec   +            (no cloak)
rCorr   +            (no gloves)
SInv    +            (no boots)
Will    .....        (no amulet)
Stlth   +            e - ring of see invisible
HPRegen 0.26/turn    b - ring of resist corrosion
MPRegen 0.10/turn

%: no passive effects
@: no status effects
A: sickness immunity, AC +4, negative energy resistance 1, electricity
resistance, torment resistance 1, petrification resistance
a: no special abilities


You were in a sewer.
You visited 1 branch of the dungeon, and saw 4 of its levels.
You also visited: Sewer.

You collected 209 gold pieces.


Innate Abilities, Weirdness & Mutations

You are immune to sickness and miasma.
Your stone body is resilient. (AC +4)
You are immune to poison.
You resist negative energy. (rN+)
You are resistant to electric shocks. (rElec)
You are resistant to unholy torment.
You are immune to petrification.


   Skills:
 - Level 4.0 Fighting
 + Level 7.0 Ranged Weapons
 - Level 1.0 Armour
 - Level 1.5 Dodging
 - Level 1.1 Stealth


You had 5 spell levels left.
You didn't know any spells.
Your spell library was empty.

Inventory:

Hand Weapons
 Y - a +1 shortbow (weapon)
Armour
 f - a +0 ring mail (worn)
Jewellery
 b - a ring of resist corrosion (right hand)
 e - a ring of see invisible (left hand)
Scrolls
 g - a scroll of identify
Potions
 d - 3 potions of curing

Dungeon Overview and Level Annotations

Branches:
Dungeon (4/15)             Temple (0/1) D:4           Sewer (1/1)

Altars:

Shops:
D:1 !


Message History

The river rat is severely wounded.
The river rat bites you but does no damage.
The river rat closely misses you.
You shoot an arrow. The arrow closely misses the river rat.
The arrow hits the river rat but does no damage.
The river rat is severely wounded.
The river rat misses you. The river rat bites you.
You shoot an arrow.
The arrow completely misses the river rat.
The arrow hits the river rat but does no damage.
The river rat is severely wounded.
The river rat bites you but does no damage.
The river rat bites you.
You shoot an arrow. The arrow hits the river rat.
The river rat is almost dead.
The river rat bites you but does no damage.
The river rat bites you!
You shoot an arrow. The arrow hits the river rat.
You kill the river rat!
The river rat barely misses you. x2; The river rat closely misses you.
You shoot an arrow.
The arrow hits the river rat but does no damage.
The river rat is severely wounded.
The river rat bites you. x2
You shoot an arrow. The arrow closely misses the river rat.
The arrow hits the rat!
You kill the rat!
The river rat barely misses you. The river rat closely misses you.
You shoot an arrow. The arrow hits the river rat!
You kill the river rat!
The river rat bites you!
Your Ranged Weapons skill increases to level 7!
You shoot an arrow. The arrow barely misses the river rat.
The arrow hits the rat!
You kill the rat!
The river rat barely misses you.
You shoot an arrow. The arrow hits the river rat.
The river rat is lightly wounded.
The river rat bites you. x2
You die...

#.#
#.#
#.#
#.#
#%#
#.#
#\#
#@#
#r#
#r#
#.#
#.#
#.#
#.#
#~#


You could see a river rat and a rat.

Vanquished Creatures
  A black bear (D:4)
  A howler monkey (D:4)
  A gnoll bouda (D:4)
  3 gnolls (D:4)
  7 adders
  3 river rats (Sewer)
  4 worms
  2 orcs (D:4)
  4 endoplasms
  4 giant cockroaches
  9 goblins
  4 hobgoblins
  6 jackals
  3 quokkas (D:3)
  9 ball pythons
  6 bats
  7 frilled lizards
  6 kobolds
  16 rats
96 creatures vanquished.

Notes
Turn   | Place    | Note
-------+----------+-------------------------------------------
     0 | D:1      | qw the Gargoyle Hunter began the quest for the Orb.
     0 | D:1      | Reached XP level 1. HP: 12/12 MP: 1/1
     0 | D:1      | 0 ||| qw: Version: 0.3-a-76-g4403597
     0 | D:1      | 0 ||| qw: Game counter: 17
     0 | D:1      | 0 ||| qw: Melee chars always use a shield: true
     0 | D:1      | 0 ||| qw: God list: Okawaru
     0 | D:1      | 0 ||| qw: Allow faded altars: false
     0 | D:1      | 0 ||| qw: Do Orc after clearing Dungeon:15 true
     0 | D:1      | 0 ||| qw: Do second Lair branch before Depths: true
     0 | D:1      | 0 ||| qw: Lair rune preference: random
     0 | D:1      | 0 ||| qw: Goals: Normal
     0 | D:1      | 0 ||| PLANNING D:1-11
    40 | D:1      | Found Paerchoo's Distillery.
    63 | D:1      | 63 ||| SHOPLISTING potion of heal wounds (65 gold, have 6).
    63 | D:1      | 63 ||| SHOPLISTING potion of might (52 gold, have 6).
    82 | D:1      | Reached XP level 2. HP: 17/17 MP: 2/2
   428 | D:1      | Reached XP level 3. HP: 21/21 MP: 3/3
   690 | D:1      | Reached skill level 5 in Ranged Weapons
   767 | D:1      | 767 ||| UPGRADING to +0 ring mail.
   777 | D:1      | 777 ||| DROPPING +0 leather armour.
   778 | D:1      | 778 ||| UPGRADING to ring of see invisible.
   779 | D:1      | 779 ||| READING scroll labelled KEHOUV TAISHREU.
   780 | D:1      | 780 ||| READING scroll labelled KENNEA GUONI.
   781 | D:1      | 781 ||| DROPPING scroll of butterflies.
   815 | D:2      | 815 ||| STAIRDANCE
   818 | D:1      | Reached skill level 1 in Armour
   941 | D:2      | Reached skill level 3 in Fighting
   941 | D:2      | Reached XP level 4. HP: 26/28 MP: 4/4
  1366 | D:2      | 1366 ||| READING scroll labelled UDO POPNETOITU.
  1367 | D:2      | 1367 ||| READING scroll labelled MEDEMANGOMP.
  1368 | D:2      | 1368 ||| DRINKING 4 smoky puce potions.
  1511 | D:3      | Found a faded altar of an unknown god.
  1598 | D:3      | Reached XP level 5. HP: 32/32 MP: 5/5
  2040 | D:3      | 2040 ||| UPGRADING to ring of resist corrosion.
  2041 | D:3      | 2041 ||| READING scroll labelled IMUPTA GYIW.
  2042 | D:3      | 2042 ||| READING scroll labelled DUNOEHACVA.
  2046 | D:3      | 2046 ||| READING scroll labelled MUDIRI VIASSUYCOG.
  2047 | D:3      | 2047 ||| DRINKING 2 pink potions.
  2076 | D:3      | 2076 ||| DROPPING potion of lignification.
  2087 | D:4      | Noticed a black bear
  2088 | D:4      | 2088 ||| PLANNING SEWER
  2100 | D:4      | Killed a black bear
  2101 | D:4      | Reached skill level 6 in Ranged Weapons
  2101 | D:4      | 2101 ||| STAIRDANCE
  2207 | D:4      | Reached XP level 6. HP: 37/37 MP: 6/6
  2334 | D:4      | Found a staircase to the Ecumenical Temple.
  2529 | D:4      | Found a glowing drain.
  2530 | D:4      | 2530 ||| READING scroll labelled WEAKOO UWIK.
  2631 | D:4      | 2631 ||| READING 2 scrolls of identify.
  2631 | D:4      | 2631 ||| IDENTIFYING silvery potion
  2632 | D:4      | 2632 ||| DROPPING potion of magic.
  2646 | Sewer    | Entered a sewer
  2667 | Sewer    | HP: 7/38 [river rat (7)]
  2668 | Sewer    | Reached skill level 7 in Ranged Weapons
  2669 | Sewer    | HP: 1/38 [river rat (6)]
  2669 | Sewer    | Slain by a river rat

Levels and vault maps discovered:
D:1:      minmay_arrival_stair_chambers, layout_loops_ring, serial_shops,
          nicolae_shop_industrial_runoff
D:2:      layout_rooms
D:3:      layout_basic, ebering_ecumenical_altar_petrified
D:4:      layout_loops_ring, kiku_gazebo_garden_becter,
          minmay_temple_entry_drinking_statues, cheibrodos_sewer_entry_drain
Sewer:    sewer_kobolds

Skill      XL: |  1  2  3  4  5  6 |
---------------+-------------------+-----
Ranged Weapons | 5 6 7 |  7.0
Armour         | 1 |  1.0
Fighting       | 3 4 |  4.0
Dodging        | |  1.5
Stealth        | |  1.1

Action                     |  1- 3 |  4- 6 || total
---------------------------+-------+-------++-------
   Fire: Shortbow          |   142 |   219 ||   361
    Use: Scroll            |     2 |     7 ||     9
         Potion            |       |     2 ||     2
 Armour: Leather armour    |    25 |       ||    25
         Ring mail         |     8 |   108 ||   116
  Dodge: Dodged            |    48 |   104 ||   152

Table legend:
 A = Non-vault XP
 B = Vault XP
 C = Vault XP percentage of total XP
 D = Non-vault monster count
 E = Vault monster count
 F = Vault count percentage of total count
                 A         B        C        D         E       F
            +---------+---------+-------+---------+---------+-------
      Total |     480 |      52 |   9.8 |      86 |      10 |  10.4
            +---------+---------+-------+---------+---------+-------
        D:1 |      54 |       0 |   0.0 |      29 |       0 |   0.0
        D:2 |      79 |       0 |   0.0 |      27 |       0 |   0.0
        D:3 |      57 |       0 |   0.0 |      17 |       0 |   0.0
        D:4 |     290 |       8 |   2.7 |      13 |       3 |  18.8
      Sewer |       0 |      44 | 100.0 |       0 |       7 | 100.0
            +---------+---------+-------+---------+---------+-------
